 Dungeon Crawl Stone Soup version 0.30-a0-377-g5cb311bc9f (webtiles) character file.

Game seed: 15575294355237860774

208 retardedninja the Trooper (level 5, -2/47 HPs)
             Began as a Hill Orc Fighter on Nov 30, 2022.
             Killed by nerve-wracking pain
             ... invoked by Grinder
              (3 damage)
             ... while paralysed by Grinder
             ... on level 4 of the Dungeon.
             The game lasted 00:03:45 (3482 turns).

retardedninja the Trooper (Hill Orc Fighter)        Turns: 3482, Time: 00:03:45

Health: -2/47      AC: 10    Str: 21    XL:     5   Next: 86%
Magic:  5/5        EV:  2    Int:  8    God:
Gold:   110        SH:  0    Dex: 10    Spells: 4/4 levels left

rFire   . . .      SeeInvis .    a - +0 war axe
rCold   . . .      Faith    .    c - +0 buckler
rNeg    . . .      Spirit   .    b - +0 scale mail
rPois   .          Reflect  .    (no helmet)
rElec   .          Harm     .    n - +0 cloak
rCorr   .          Rampage  .    i - +1 pair of gloves
Will    .....                    (no boots)
Stlth   ..........               (no amulet)
HPRegen 0.27/turn                (no ring)
MPRegen 0.09/turn                (no ring)

@: paralysed, mighty
A: no striking features
a: no special abilities


You were on level 4 of the Dungeon.
You visited 1 branch of the dungeon, and saw 4 of its levels.

You collected 110 gold pieces.

Inventory:

Hand Weapons
 a - a +0 war axe (weapon)
Missiles
 o - 59 stones (quivered)
Armour
 b - a +0 scale mail (worn)
 c - a +0 buckler (worn)
 i - a +1 pair of gloves (worn)
 n - a +0 cloak (worn)
Jewellery
 u - a ring of magical power
Wands
 s - a wand of polymorph (4)
Scrolls
 f - a scroll of butterflies {unknown}
 h - 4 scrolls of identify {unknown}
 k - a scroll of brand weapon {unknown}
 l - 2 scrolls of immolation {unknown}
 p - a scroll of vulnerability {unknown}
 q - a scroll of teleportation {unknown}
 t - a scroll of poison {unknown}
 v - 2 scrolls of enchant weapon {unknown}
 y - a scroll of noise {unknown}
 B - a scroll of blinking {unknown}
Potions
 d - a potion of might
 e - 2 potions of curing {unknown}
 g - a potion of haste {unknown}
 j - a potion of degeneration {unknown}
 m - a potion of ambrosia {unknown}
 r - a potion of berserk rage {unknown}
 w - 2 potions of invisibility {unknown}
 x - a potion of magic {unknown}
 z - a potion of heal wounds {unknown}
 A - a potion of lignification {unknown}


   Skills:
 + Level 4.9 Fighting
 + Level 4.4 Axes
 + Level 4.4 Armour
 + Level 4.5 Shields


You had 4 spell levels left.
You didn't know any spells.
Your spell library contained the following spells:

 Spells                   Type           Power      Damage    Failure   Level
 Frozen Ramparts          Ice            0%         1d1       99%         3
 Ice Form                 Ice/Tmut       0%         N/A       100%        4
 Summon Ice Beast         Ice/Summ       0%         N/A       100%        4


Dungeon Overview and Level Annotations

Branches:
Dungeon (4/15)
 Temple: D:4-7

Altars:
Hepliaklqana

Annotations:
D:4 Grinder


Message History

The giant cockroach bites you but does no damage.
Grinder gestures at you. Pain shoots through your body!
The giant cockroach bites you but does no damage.
Grinder hits you but does no damage.
You can move again.
You barely miss Grinder.
Grinder is lightly wounded.
You closely miss the giant cockroach. The giant cockroach closely misses you.
You block the giant cockroach's attack. Grinder barely misses you.
You slash Grinder!
Grinder is heavily wounded.
You hit the giant cockroach.
You kill the giant cockroach!
Grinder hits you.
* * * LOW HITPOINT WARNING * * *
You writhe in agony.
* * * LOW HITPOINT WARNING * * *
The quokka bites you but does no damage.
You closely miss Grinder.
Grinder is heavily wounded.
You closely miss the quokka. Grinder misses you. The quokka barely misses you.
You block the quokka's attack. Grinder gestures at you.
You suddenly lose the ability to move!
The quokka barely misses you. Grinder hits you.
* * * LOW HITPOINT WARNING * * *
You writhe in agony.
* * * LOW HITPOINT WARNING * * *
The giant cockroach waves its antennae.
The quokka bites you.
* * * LOW HITPOINT WARNING * * *
Grinder hits you but does no damage. The quokka bites you.
* * * LOW HITPOINT WARNING * * *
Grinder hits you but does no damage. The quokka completely misses you.
Grinder gestures at you. Pain shoots through your body!
You die...

#........# #........#
#........#
#####........
...#......####
#.#.......~~~
#.....5...~~~
######...@rB..~~~
.........##..####
#####..######
#.....#### #.
##.......#.#..
####.##.#.#..
#.....#.#.#.########
..##.##..#.#.#.#.......
#....##..#.#.#[#.######


You could see Grinder, a quokka and a giant cockroach.

Vanquished Creatures
  Jessica (D:2)
  4 gnolls (D:2)
  4 adders
  A worm (D:2)
  A dart slug (D:4)
  4 orcs (D:3)
  4 endoplasms
  16 giant cockroaches
  8 hobgoblins
  7 jackals (D:1)
  9 kobolds
  3 quokkas
  7 ball pythons
  6 bats
  2 frilled lizards (D:1)
  9 goblins
  6 rats
92 creatures vanquished.

Vanquished Creatures (others)
  A plant (D:3)
1 creature vanquished.

Grand Total: 93 creatures vanquished

Notes
Turn   | Place    | Note
-------+----------+-------------------------------------------
     0 | D:1      | retardedninja the Hill Orc Fighter began the quest for the
                  | Orb.
     0 | D:1      | Reached XP level 1. HP: 19/19 MP: 1/1
    95 | D:1      | Reached XP level 2. HP: 25/27 MP: 2/2
   297 | D:1      | Reached XP level 3. HP: 31/33 MP: 3/3
  1096 | D:2      | Reached XP level 4. HP: 26/40 MP: 4/4
  1265 | D:2      | Noticed Jessica
  1277 | D:2      | Killed Jessica
  1878 | D:2      | Reached XP level 5. HP: 47/47 MP: 5/5
  2723 | D:3      | Found a faded altar of an unknown god.
  2725 | D:3      | Found a faded altar of an unknown god.
  2725 | D:3      | Found a hazy altar of Hepliaklqana.
  3466 | D:4      | Noticed Grinder
  3472 | D:4      | Paralysed by Grinder for 4 turns
  3478 | D:4      | Paralysed by Grinder for 5 turns
  3480 | D:4      | HP: 2/47 [quokka (1)]
  3482 | D:4      | Killed from afar by Grinder

Illustrated notes

Levels and vault maps discovered:
D:1:      lightli_arrival_noodles, layout_basic, roderic_roman_lattice,
          chequers_serial_rivers_room_b
D:2:      minmay_roachtagon, layout_loops_corners, grunt_ministairs_8,
          minmay_misc_feat_cross, uniq_jessica
D:3:      layout_basic, nicolae_hepliaklqana_ecumenical_no_more
D:4:      layout_basic, minmay_temple_entry_sparse_star, portal_sewer_entry_f,
          uniq_grinder

Skill      XL: |  1  2  3  4  5 |
---------------+----------------+-----
Axes           | 3 4 |  4.4
Fighting       | 4 |  4.9
Armour         | 4 |  4.4
Shields        | 4 |  4.5

Action                   |  1- 3 |  4- 6 || total
-------------------------+-------+-------++-------
Melee: War axe           |    84 |   123 ||   207
  Use: Potion            |       |     1 ||     1
Armor: Scale mail        |    53 |    80 ||   133
Dodge: Dodged            |    46 |    72 ||   118
Block: Buckler           |    20 |    26 ||    46

Table legend: (Time is in decaauts)
 A = Elapsed time spent in this place.
 B = Non-inter-level travel time spent in this place.
 C = Inter-level travel time spent in this place.
 D = Time resting spent in this place.
 E = Time spent auto-exploring this place.
 F = Levels seen in this place.
 G = Mean time per level.
                   A        B        C        D        E       F      G
               +--------+--------+--------+--------+--------+-----+--------+
         Total |   3560 |   3474 |     86 |    626 |   2282 |   4 |  890.0 |
       Dungeon |   3560 |   3474 |     86 |    626 |   2282 |   4 |  890.0 |
               +--------+--------+--------+--------+--------+-----+--------+

Top non-repeatable levels by time:
     D:2: 1564 daAuts
     D:1: 926 daAuts
     D:3: 802 daAuts
     D:4: 266 daAuts
